 Dungeon Crawl Stone Soup version 0.30-a0-591-g3c58d2bc28 (webtiles) character file.

Game seed: 9575940309526192673

3022 snetch the Cleaver (level 9, -4/72 (78) HPs)
             Began as a Hill Orc Fighter on Jan 4, 2023.
             Was a Believer of Beogh.
             Slain by a wyvern (10 damage)
             ... on level 7 of the Dungeon.
             The game lasted 00:17:25 (6673 turns).

snetch the Cleaver (Hill Orc Fighter)               Turns: 6673, Time: 00:17:26

HP:   -4/72 (78)    AC: 16    Str: 23    XL:     9   Next: 85%
MP:   9/9           EV: 10    Int:  8    God:    Beogh [**....]
Gold: 274           SH: 11    Dex: 16    Spells: 7/8 levels left

rFire   . . .      SeeInvis .    b - +0 flail (protect)
rCold   . . .      Faith    .    g - +0 buckler
rNeg    . . .      Spirit   .    v - +0 scale mail {rPois}
rPois   +          Reflect  +    (no helmet)
rElec   .          Harm     .    B - +0 cloak
rCorr   .          Rampage  .    (no gloves)
Will    .....                    (no boots)
Stlth   +                        A - amulet of reflection
HPRegen 0.32/turn                s - +6 ring of dexterity
MPRegen 0.11/turn                (no ring)

@: mighty, under a protective aura, drained
A: no striking features
a: Renounce Religion, Smiting


You were on level 7 of the Dungeon.
You worshipped Beogh.
Beogh was pleased with you.
You visited 2 branches of the dungeon, and saw 8 of its levels.

You collected 274 gold pieces.

Inventory:

Hand Weapons
 a - a +1 hand axe of electrocution
 b - a +0 flail of protection (weapon)
 c - a +0 trident
 r - a +2 war axe of venom
 I - the +1 dagger of Duty {protect, Fragile Str+2 Int+9 Stlth-}
   (You found it on level 6 of the Dungeon)

   Str:       It affects your strength (+2).
   Int:       It affects your intelligence (+9).
   Fragile:   It will be destroyed if unequipped.
   Stlth:     It makes you less stealthy.
 L - a +2 vampiric falchion
 M - a +2 mace of protection
 P - a +3 hand axe
Missiles
 e - 75 stones
 j - 11 poisoned darts (quivered)
 m - 12 boomerangs
 O - 4 curare-tipped darts
Armour
 g - a +0 buckler (worn)
 v - a +0 scale mail of poison resistance (worn)
 B - a +0 cloak (worn)
 H - +0 steam dragon scales
Jewellery
 s - a +6 ring of dexterity (left hand)
 x - a ring of ice
 A - an amulet of reflection (around neck)
 E - a ring of fire
Wands
 z - a wand of flame (46)
 J - a wand of quicksilver (6)
Scrolls
 i - 6 scrolls of identify {unknown}
 k - 4 scrolls of fog {unknown}
 l - a scroll of poison {unknown}
 o - a scroll of amnesia {unknown}
 q - a scroll of immolation {unknown}
 t - a scroll of vulnerability {unknown}
 u - a scroll of acquirement {unknown}
 y - 2 scrolls of enchant armour {unknown}
 D - 3 scrolls of teleportation {unknown}
 F - 3 scrolls of blinking {unknown}
 K - a scroll of silence {unknown}
Potions
 f - 3 potions of attraction {unknown}
 h - 5 potions of curing
 p - 2 potions of magic {unknown}
 w - a potion of flight {unknown}
 C - a potion of mutation {unknown}
 G - a potion of berserk rage {unknown}
Miscellaneous
 N - a phantom mirror


   Skills:
 + Level 6.4 Fighting
 + Level 11.2 Axes
 + Level 0.5 Throwing
 + Level 8.1 Armour
 + Level 2.3 Dodging
 + Level 1.3 Stealth
 + Level 6.5 Shields


You had 7 spell levels left.
You knew the following spells:

 Your Spells              Type           Power      Damage    Failure   Level
a - Apportation           Tloc           0%         N/A       77%         1

Your spell library contained the following spells:

 Spells                   Type           Power      Damage    Failure   Level
 Freeze                   Ice            0%         1d3       77%         1
 Necrotise                Necr           0%         1d4       77%         1
 Summon Small Mammal      Summ           0%         N/A       77%         1
 Frozen Ramparts          Ice            0%         1d1       98%         3
 Hailstorm                Conj/Ice       0%         3d3       98%         3
 Ignite Poison            Fire/Tmut/Pois 0%         N/A       98%         3
 Kindle Blastsparks       Fire/Tloc/Air  0%         2d10      98%         3
 Ozocubu's Armour         Ice            0%         N/A       98%         3
 Animate Dead             Necr           0%         N/A       100%        4
 Borgnjor's Vile Clutch   Necr/Erth      0%         N/A       100%        5
 Freezing Cloud           Conj/Ice/Air   0%         6-21      100%        5
 Death Channel            Necr           0%         N/A       100%        6
 Ozocubu's Refrigeration  Ice            0%         4d7       100%        7


Dungeon Overview and Level Annotations

Branches:
Dungeon (7/15)             Temple (1/1) D:6

Altars:
Ashenzari
Cheibriados
Dithmenos
Elyvilon
Gozag
Kikubaaqudgha
Makhleb
Okawaru
Qazlal
Ru
Sif Muna
Trog
Uskayaw
Vehumet
Wu Jian
Xom
Yredelemnul

Shops:
D:6 :


Message History

You closely miss Dowan.
Dowan is heavily wounded.
You feel very sick. Dowan hits you but does no damage.
You hit Dowan.
Dowan is severely wounded.
You feel sick.
Dowan casts a spell.
Dowan blinks!
Dowan zaps a wand.
You easily resist.
You feel sick.
You feel better.
You start resting.
Dowan gestures wildly while chanting.
Dowan blinks!
You start resting.
You block Dowan's attack.
You closely miss Dowan.
Dowan is severely wounded.
Dowan zaps a wand.
You easily resist.
Dowan zaps a wand.
You easily resist.
You miss Dowan.
Dowan is severely wounded.
Dowan zaps a wand.
You easily resist.
You sock Dowan!
Your weapon exudes an aura of protection.
You kill Dowan!
Beogh accepts your kill.
The wyvern hisses angrily.
Items here: )))))))))) / = [[[[[[[[ ††††††.
You barely miss the wyvern.
The wyvern hisses menacingly.
You block the wyvern's attack.
You thump the wyvern!
Your weapon exudes an aura of protection.
The wyvern is moderately wounded.
You block the wyvern's attack. The wyvern bites you!
* * * LOW HITPOINT WARNING * * *
You thump the wyvern!
The wyvern is severely wounded.
The wyvern bites you!
You die...

#......... ..##......
...... ##....... .)...
....##.# #...##
##.#.##.# #!...
#....##.# #...# #
#..#.##.# #...#
#.##..#.##.# ###...#
#..........###@#...##
####.#####.##.#l..).##
######.#####.#.###.....#
......^##.....## ##.#..#
######.##.##.## ##......
#.## #.. ....... #..
..#. ...#.## #### ...#..
##.#... ..#.. .. .# ##


You could see a wyvern.

Vanquished Creatures
  Eustachio (D:5)
  A steam dragon (D:6)
  Duvessa (D:7)
  2 black bears
  4 ice beasts
  2 ogres
  A phantom (D:6)
  2 kobold brigands (D:6)
  3 necrophages
  2 scorpions
  4 wights (D:7)
  Dowan (D:7)
  A howler monkey (D:7)
  5 orc priests
  7 hounds
  5 jellies
  Jessica (D:2)
  4 iguanas
  12 orc wizards
  A gnoll (D:1)
  2 adders
  4 worms
  3 dart slugs
  31 orcs
  9 ball pythons
  6 endoplasms
  14 giant cockroaches
  4 goblins
  9 hobgoblins
  3 jackals (D:3)
  14 kobolds
  4 quokkas
  4 bats
  A frilled lizard (D:1)
  7 rats
175 creatures vanquished.

Vanquished Creatures (others)
  A ball python (D:4)
1 creature vanquished.

Grand Total: 176 creatures vanquished

Notes
Turn   | Place    | Note
-------+----------+-------------------------------------------
     0 | D:1      | snetch the Hill Orc Fighter began the quest for the Orb.
     0 | D:1      | Reached XP level 1. HP: 19/19 MP: 1/1
    72 | D:1      | You fall into a shaft and drop 1 floor!
   112 | D:3      | Reached skill level 3 in Axes
   124 | D:3      | Reached XP level 2. HP: 24/27 MP: 2/2
   165 | D:2      | Noticed Jessica
   386 | D:2      | Killed Jessica
   387 | D:2      | Reached XP level 3. HP: 33/33 MP: 3/3
   616 | D:1      | Reached XP level 4. HP: 30/40 MP: 4/4
  1016 | D:1      | Reached skill level 4 in Axes
  2164 | D:3      | Reached XP level 5. HP: 42/46 MP: 5/5
  2204 | D:3      | Found an iron altar of Okawaru.
  2823 | D:4      | Found a shimmering blue altar of Sif Muna.
  2840 | D:5      | Entered Level 5 of the Dungeon
  2848 | D:5      | Reached skill level 5 in Axes
  2859 | D:5      | Reached skill level 5 in Armour
  2859 | D:5      | Reached XP level 6. HP: 35/52 MP: 6/6
  3166 | D:4      | Became a worshipper of Beogh the Brigand
  3293 | D:4      | Reached skill level 6 in Axes
  3293 | D:4      | Reached XP level 7. HP: 32/60 MP: 7/7
  3345 | D:5      | Noticed Eustachio
  3358 | D:5      | Found a bloodstained altar of Trog.
  3381 | D:5      | Killed Eustachio
  3382 | D:5      | Reached skill level 7 in Axes
  3518 | D:5      | Reached skill level 1 in Dodging
  3723 | D:5      | Reached XP level 8. HP: 66/67 MP: 8/8
  3953 | D:4      | Reached * piety under Beogh
  4495 | D:5      | HP: 3/67 [something (3)]
  4754 | D:5      | Reached skill level 5 in Fighting
  4754 | D:5      | Reached skill level 8 in Axes
  5055 | D:5      | Reached skill level 1 in Stealth
  5365 | D:6      | Reached skill level 9 in Axes
  5376 | D:6      | Found a broken altar of Ashenzari.
  5378 | D:6      | Reached skill level 5 in Shields
  5524 | D:6      | Reached XP level 9. HP: 36/74 MP: 9/9
  5526 | D:6      | Reached ** piety under Beogh
  5675 | D:6      | Identified the +1 dagger of Duty {protect, Fragile Str+2
                  | Int+9 Stlth-}
  5933 | D:6      | Reached skill level 10 in Axes
  6188 | D:6      | Found Onaebexo's Tremendous Tomes.
  6230 | D:6      | Found a stormy altar of Qazlal.
  6233 | D:6      | Learned a level 1 spell: Apportation
  6302 | D:6      | Found a staircase to the Ecumenical Temple.
  6311 | Temple   | Entered the Ecumenical Temple
  6615 | D:7      | Noticed Duvessa
  6625 | D:7      | Noticed Dowan
  6640 | D:7      | Killed Duvessa
  6641 | D:7      | Reached skill level 11 in Axes
  6669 | D:7      | Killed Dowan
  6673 | D:7      | Slain by a wyvern

Illustrated notes

Levels and vault maps discovered:
D:1:      zelgadis_glass_arrival_small, layout_basic, nrook_mini_vaults
D:2:      layout_basic, st_stairs_4, uniq_jessica
D:3:      minmay_roachtagon, layout_loops_cross, lemuel_doored_altar
D:4:      layout_basic, nicolae_overflow_hidden_temple
D:5:      layout_loops_ring, trog_butcher_becter, uniq_eustachio
D:6:      cheibrodos_thug_alley, layout_basic, grunt_qazlal_sundering,
          marbit_many_paths, minmay_temple_entry_nine_rooms,
          nicolae_shop_i_like_big_books, kennysheep_small_spiral,
          minmay_crystal_room
D:7:      layout_loops_cross, amcnicky_altar_gilded, zin_purify, uniq_duvessa
Temple:   nicolae_temple_no_exploring_needed

Skill      XL: |  1  2  3  4  5  6  7  8  9 |
---------------+----------------------------+-----
Axes           | 3 4 5 6 7 9 11 | 11.2
Armour         | 4 5 6 7 8 |  8.1
Fighting       | 4 5 6 |  6.4
Shields        | 4 5 6 |  6.5
Dodging        | 1 2 |  2.3
Stealth        | 1 |  1.3
Throwing       | |  0.5

Action                   |  1- 3 |  4- 6 |  7- 9 || total
-------------------------+-------+-------+-------++-------
Melee: War axe           |    83 |   123 |   149 ||   355
       Hand axe          |       |    78 |   174 ||   252
       Flail             |       |       |    10 ||    10
Throw: Stone             |     1 |       |       ||     1
       Dart              |       |     3 |     3 ||     6
Invok: Convert to Beogh  |       |     1 |       ||     1
  Use: Potion            |       |       |     5 ||     5
Armor: Scale mail        |    47 |   115 |   102 ||   264
Dodge: Dodged            |    48 |    91 |    94 ||   233
Block: Buckler           |     6 |    51 |   115 ||   172
       Reflection        |       |       |     1 ||     1

Table legend: (Time is in decaauts)
 A = Elapsed time spent in this place.
 B = Non-inter-level travel time spent in this place.
 C = Inter-level travel time spent in this place.
 D = Time resting spent in this place.
 E = Time spent auto-exploring this place.
 F = Levels seen in this place.
 G = Mean time per level.
                   A        B        C        D        E       F      G
               +--------+--------+--------+--------+--------+-----+--------+
         Total |   6761 |   6446 |    315 |    231 |   4230 |   8 |  845.1 |
       Dungeon |   6759 |   6444 |    315 |    231 |   4230 |   7 |  965.6 |
        Temple |      1 |      1 |      0 |      0 |      0 |   1 |    1.0 |
               +--------+--------+--------+--------+--------+-----+--------+

Top non-repeatable levels by time:
     D:5: 1502 daAuts
     D:6: 1263 daAuts
     D:1: 1082 daAuts
     D:3: 1057 daAuts
     D:4: 918 daAuts
     D:2: 726 daAuts
     D:7: 209 daAuts
  Temple: 1 daAuts
